 Dungeon Crawl Stone Soup version 0.31-a0-1154-gadca813884 (webtiles) character file.

Game seed: 3828383384550386274

3077 Dirtsage the Insei (level 9, 0/63 HPs)
             Began as an Octopode Shapeshifter on Dec 7, 2023.
             Was an Initiate of Gozag.
             Slain by a centaur (5 damage)
             ... on level 8 of the Dungeon.
             The game lasted 00:15:06 (7343 turns).

Dirtsage the Insei (Octopode Shapeshifter)          Turns: 7343, Time: 00:15:06

Health: 0/63       AC:  1    Str: 16    XL:     9   Next: 89%
Magic:  9/9        EV: 21    Int: 11    God:    Gozag
Gold:   1176       SH:  0    Dex: 18    Spells: 8/8 levels left

rFire   . .          .
                       - Unarmed
rCold   + . .        r - melded orb {light}
rNeg    . . .        (helmet restricted)
rPois   .            (no amulet)
rElec   .            W - ring of wizardry
rCorr   .            (no ring)
SInv    .            (no ring)
Will    .....        (no ring)
Stlth   +            (no ring)
HPRegen 0.30/turn    (no ring)
MPRegen 0.11/turn    (no ring)
                     (no ring)

%: wizardry (x1)
@: flux-form, gold aura, glowing
A: glow, contaminating, almost no armour, amphibious, 8 rings, camouflage 1,
gelatinous body 1, (nimble swimmer 1), tentacles, agile 1, cold resistance 1,
strong 1, MP-powered wands
a: Begin Untransformation, Renounce Religion, Potion Petition, Call Merchant,
Bribe Branch


You were on level 8 of the Dungeon.
You worshipped Gozag.
Gozag was most pleased with you.
You were something dangerously unstable.
You visited 2 branches of the dungeon, and saw 9 of its levels.
You also visited: Ossuary.

You collected 1247 gold pieces.
You paid 71 gold pieces to Gozag.

Inventory:

Missiles
 g - 7 curare-tipped darts
 C - a throwing net
Armour
 r - an orb of light (melded)
Magical Staves
 d - a staff of cold
Jewellery
 h - an amulet of faith
 W - a ring of wizardry (left tentacle)
Talismans
 b - a beast talisman
 c - a flux talisman (active)
Wands
 u - a wand of flame (9)
 D - a wand of polymorph (7)
Scrolls
 i - a scroll of noise {unknown}
 l - a scroll of poison
 o - 2 scrolls of amnesia
 p - a scroll of silence {unknown}
 t - a scroll of teleportation
 x - 2 scrolls of enchant weapon {unknown}
 y - a scroll of butterflies {unknown}
 A - 2 scrolls of fog
 E - a scroll of fear {unknown}
Potions
 a - a potion of lignification
 e - 2 potions of mutation
 f - 2 potions of heal wounds {unknown}
 j - 4 potions of attraction
 k - 2 potions of haste {unknown}
 m - 3 potions of brilliance
 n - 4 potions of resistance
 q - 2 potions of curing
 s - a potion of degeneration
 v - a potion of might {unknown}
 w - a potion of berserk rage
 z - a potion of invisibility {unknown}


   Skills:
 + Level 6.7 Fighting
 + Level 6.9 Dodging
 + Level 7.3 Unarmed Combat
 - Level 7.0 Shapeshifting


You had 8 spell levels left.
You didn't know any spells.
Your spell library contained the following spells:

 Spells                   Type           Power      Damage    Failure   Level
 Sandblast                Erth           0%         2d4       14%         1
 Sting                    Tmut/Pois      0%         1d3       14%         1
 Passwall                 Tmut/Erth      0%         N/A       21%         2
 Ignite Poison            Fire/Tmut/Pois 0%         N/A       38%         3
 Inner Flame              Hex/Fire       0%         N/A       38%         3
 Stone Arrow              Conj/Erth      0%         3d7       38%         3
 Summon Guardian Golem    Hex/Summ       0%         N/A       38%         3
 Tukima's Dance           Hex            0%         N/A       38%         3
 Brom's Barrelling Bould  Conj/Erth      0%         2d3       77%         4
 Dimensional Bullseye     Hex/Tloc       0%         N/A       77%         4
 Yara's Violent Unravell  Hex/Tmut       0%         3d3       98%         5
 Enfeeble                 Hex            0%         N/A       100%        7
 Orb of Destruction       Conj           0%         9d5       100%        7
 Spellforged Servitor     Conj/Summ      0%         N/A       100%        7


Dungeon Overview and Level Annotations

Branches:
Dungeon (8/15)             Temple (1/1) D:4         Ossuary (visited)
   Lair: D:8-11

Altars:
Ashenzari
Cheibriados
Dithmenos
Elyvilon
Fedhas
Gozag
Hepliaklqana
Kikubaaqudgha
Makhleb
Nemelex Xobeh
Okawaru
Qazlal
Ru
Trog
Uskayaw
Vehumet
Wu Jian
Xom
Yredelemnul
Zin
The Shining One

Annotations:
D:7 1 runed translucent door, Crazy Yiuf, Dowan, Duvessa
Temple 2 transporters


Innate Abilities, Weirdness & Mutations

You are something dangerously unstable.
You glow with magical radiation, making you easy to see and hit.
Foes you strike become dangerously contaminated with magical radiation.
You are incapable of wielding weapons or throwing items.
You cannot wear most types of armour.
You are amphibious.
You can wear up to eight rings at the same time.
Your skin changes colour to match your surroundings (Stealth+).
Your rubbery body absorbs attacks. (AC +1, EV +1)
((You are camouflaged when in or above water. (Stealth+)))
You have tentacles for arms and can constrict up to eight enemies at once.
You are agile. (Dex +4, Str/Int -1)
Your flesh is cold resistant. (rC+)
Your muscles are strong. (Str +4, Int/Dex -1)
You expend magic power (3 MP) to strengthen your wands.


Message History

The ball of steam hits you!
* * * LOW HITPOINT WARNING * * *
You take 12 damage, and have 15/63 hp.
Blink to where?
Press: ? - help, Dir - move target You can't see that place. [the floor.]
Okay, then.
Okay, then.
Blink to where?
Press: ? - help, Dir - move target
As you read the scroll of blinking, it crumbles to dust.
You are engulfed in a cloud of scalding steam.
* * * LOW HITPOINT WARNING * * *
You take 2 damage, and have 13/63 hp.
You are engulfed in a cloud of scalding steam.
* * * LOW HITPOINT WARNING * * *
The bullfrog is engulfed in a cloud of scalding steam.
You take 6 damage, and have 7/63 hp.
The bullfrog is engulfed in a cloud of scalding steam.
Okay, then.
The bullfrog is engulfed in a cloud of scalding steam. x2
The bullfrog dies!
Aiming: Throw Flame
Press: ? - help, Shift-Dir - straight line, f - steam dragon
Aim: a steam dragon (heavily wounded, heavily contaminated, misshapen and mutated, 81% to hit)
Okay, then.
As you read the scroll of teleportation, it crumbles to dust.
You feel strangely unstable.
Your surroundings suddenly seem different.
A centaur comes into view.
The centaur shouts!
The centaur hits you.
* * * LOW HITPOINT WARNING * * *
The centaur misses you.
You take 4 damage, and have 5/63 hp.
You barely miss the centaur. The centaur closely misses you.
The centaur completely misses you. The centaur hits you.
You die...
Your body crumbles into a pile of gold. ############# #..cp........ #.########### ## . #.

You could see a centaur.

Vanquished Creatures
  Menkaure (D:7)
  3 water moccasins
  2 orc warriors
  2 sky beasts
  A black bear (D:6)
  A phantom (D:5)
  A centaur (D:5)
  3 kobold brigands
  A gnoll sergeant (D:6)
  4 bullfrogs (D:7)
  8 scorpions
  2 electric eels (D:7)
  2 centaur zombies (Ossuary)
  An orc priest (D:4)
  A jelly (D:4)
  2 gnoll boudas
  3 hounds
  2 sleepcaps
  4 iguanas
  3 orc wizards
  6 mummies (Ossuary)
  14 gnolls
  8 adders
  2 shadow imps
  2 worms
  3 dart slugs
  29 orcs
  7 ball pythons
  7 bats
  7 endoplasms
  7 giant cockroaches
  3 goblins
  12 hobgoblins
  7 jackals
  4 quokkas
  3 frilled lizards
  6 hobgoblin zombies (Ossuary)
  13 kobolds
  A quokka zombie (D:6)
  8 rats
  A rat zombie (D:6)
197 creatures vanquished.

Vanquished Creatures (others)
  A bullfrog (D:8)
  2 gnolls (D:7)
3 creatures vanquished.

Grand Total: 200 creatures vanquished

Notes
Turn   | Place    | Note
-------+----------+-------------------------------------------
     0 | D:1      | Dirtsage the Octopode Shapeshifter began the quest for the
                  | Orb.
     0 | D:1      | Reached XP level 1. HP: 13/13 MP: 1/1
   174 | D:1      | Reached XP level 2. HP: 18/18 MP: 2/2
   409 | D:1      | Got the Atlas of the Ensnaring Stinger
   557 | D:1      | Reached XP level 3. HP: 11/23 MP: 3/3
  1445 | D:3      | Reached XP level 4. HP: 16/28 MP: 4/4
  1448 | D:3      | Identified the +1 pair of gloves "Reru" {rN+ SInv}
  2177 | D:4      | Reached skill level 5 in Shapeshifting
  2224 | D:4      | Noticed a scorpion
  2231 | D:4      | Killed a scorpion
  2232 | D:4      | Reached XP level 5. HP: 17/33 MP: 5/5
  2362 | D:4      | Reached XP level 6. HP: 31/38 MP: 6/6
  2405 | D:4      | Found a staircase to the Ecumenical Temple.
  2413 | Temple   | Found a transporter.
  2413 | Temple   | Found a transporter.
  2413 | Temple   | Found a transporter.
  2413 | Temple   | Found a transporter.
  2413 | Temple   | Entered the Ecumenical Temple
  2429 | Temple   | Became a worshipper of Gozag Ym Sagoz the Greedy
  3324 | D:5      | Entered Level 5 of the Dungeon
  3442 | D:5      | Reached XP level 7. HP: 34/44 MP: 7/7
  4049 | D:5      | Reached XP level 8. HP: 52/52 MP: 8/8
  4847 | D:6      | Reached skill level 5 in Unarmed Combat
  4875 | D:6      | Found a sand-covered staircase.
  4892 | Ossuary  | Entered an ossuary
  4986 | Ossuary  | Gained mutation: Your flesh is cold resistant. (rC+)
                  | [potion of mutation]
  4986 | Ossuary  | Gained mutation: Your muscles are strong. (Str +4, Int/Dex
                  | -1) [potion of mutation]
  4986 | Ossuary  | Gained mutation: You are agile. (Dex +4, Str/Int -1)
                  | [potion of mutation]
  4986 | Ossuary  | Gained mutation: You expend magic power (3 MP) to
                  | strengthen your wands. [potion of mutation]
  5276 | D:6      | Reached skill level 5 in Dodging
  5356 | D:6      | Found a shadowy altar of Dithmenos.
  5378 | D:6      | Reached skill level 5 in Fighting
  5378 | D:6      | Reached XP level 9. HP: 32/61 MP: 9/9
  5667 | D:6      | Found a sparkling altar of Nemelex Xobeh.
  6461 | D:7      | Noticed Menkaure
  6468 | D:7      | Killed Menkaure
  7085 | D:7      | Found a runed translucent door.
  7085 | D:7      | Noticed Duvessa
  7086 | D:7      | Noticed Crazy Yiuf
  7086 | D:7      | Noticed Dowan
  7343 | D:8      | Slain by a centaur

Illustrated notes

Levels and vault maps discovered:
D:1:      eino_arrival_cavern_e, layout_loops_ring, nicolae_figureground_pulse
D:2:      layout_loops_ring
D:3:      layout_basic, minmay_fractal_squares_5
D:4:      layout_gridville, minmay_temple_entry_mini_moons,
          minmay_misc_feat_room, minmay_misc_feat_tiny, grunt_ministairs_13
D:5:      cheibrodos_thug_alley, layout_basic
D:6:      layout_rooms, mainiacjoe_overflow_catwalk_spiral, enter_ossuary_4,
          chequers_garden, minmay_manual_monstrance
D:7:      layout_rooms, serial_bayou_ford_a, uniq_crazy_yiuf_cottage,
          uniq_duvessa, uniq_menkaure
D:8:      layout_basic, kennysheep_mini_moat, serial_curves, eino_curves_02,
          eino_curves_01, serial_shops, shop, enter_bailey_2, worms_lemuel,
          uniq_joseph
Temple:   hellmonk_temple_divided_pantheon

Skill      XL: |  1  2  3  4  5  6  7  8  9 |
---------------+----------------------------+-----
Shapeshifting  | 4 5 6 7 |  7.0
Fighting       | 3 5 6 |  6.7
Dodging        | 3 5 6 |  6.9
Unarmed Combat | 4 5 7 |  7.3

Action                     |  1- 3 |  4- 6 |  7- 9 || total
---------------------------+-------+-------+-------++-------
  Melee: Unarmed           |    88 |    90 |   321 ||   499
         Tentacles         |    15 |    23 |   102 ||   140
         Constrict         |    21 |    24 |    92 ||   137
         Punch             |       |       |     1 ||     1
  Evoke: Wand              |       |       |     4 ||     4
    Use: Potion            |       |     1 |     8 ||     9
         Scroll            |       |     5 |     2 ||     7
   Stab: Sleeping          |    11 |     3 |     1 ||    15
 Armour: Skin              |    34 |    39 |   111 ||   184
  Dodge: Dodged            |    51 |    38 |   246 ||   335
   Form: Flux              |       |       |     1 ||     1

Table legend: (Time is in decaauts)
 A = Elapsed time spent in this place.
 B = Non-inter-level travel time spent in this place.
 C = Inter-level travel time spent in this place.
 D = Time resting spent in this place.
 E = Time spent auto-exploring this place.
 F = Levels seen in this place.
 G = Mean time per level.
                   A        B        C        D        E       F      G
               +--------+--------+--------+--------+--------+-----+--------+
         Total |   7313 |   7133 |    180 |    606 |   5050 |  10 |  731.3 |
       Dungeon |   6879 |   6706 |    173 |    384 |   4983 |   8 |  859.9 |
        Temple |    113 |    106 |      7 |     78 |      0 |   1 |  113.0 |
       Ossuary |    320 |    320 |      0 |    144 |     67 |   1 |  320.0 |
               +--------+--------+--------+--------+--------+-----+--------+

Top non-repeatable levels by time:
     D:5: 1395 daAuts
     D:7: 1143 daAuts
     D:6: 1061 daAuts
     D:4: 1053 daAuts
     D:3: 769 daAuts
     D:1: 711 daAuts
     D:2: 667 daAuts
 Ossuary: 320 daAuts
  Temple: 113 daAuts
     D:8: 77 daAuts
